 Dungeon Crawl Stone Soup version 0.28-a0-653-g7e9dba17c3 (webtiles) character file.

Game seed: 13018916628224858773

3257 ryw the Grappler (level 9, 0/62 HPs)
             Began as a Demonspawn Gladiator on Oct 11, 2021.
             Was a Follower of Hepliaklqana.
             Slain by an orc warrior (2 damage)
             ... on level 7 of the Dungeon.
             The game lasted 00:20:28 (9523 turns).

ryw the Grappler (Demonspawn Gladiator)             Turns: 9523, Time: 00:20:29

Health: 0/62       AC: 12    Str: 16    XL:     9   Next: 67%
Magic:  15/15      EV: 17    Int: 18    God:    Hepliaklqana [*.....]
Gold:   223        SH:  0    Dex: 14    Spells: 12/16 levels left

rFire   . . .      SeeInvis .     - Unarmed
rCold   . . .      Faith    .   (no shield)
rNeg    . . .      Spirit   .   i - +0 robe
rPois   .          Reflect  .   b - +0 helmet
rElec   .          Harm     .   A - +0 cloak
rCorr   .          Rampage  .   (no gloves)
Will    .....                   z - +0 pair of boots
Stlth   ++........              (no amulet)
HPRegen 0.20/turn               t - +6 ring of intelligence
MPRegen 0.14/turn               u - +4 ring of evasion

@: sanguine armoured
A: reduced essence, spiny 1, sanguine armour 1, demonic magic 1, demonic touch 2
a: Renounce Religion, Recall Ancestor, Ancestor Identity


You were on level 7 of the Dungeon.
You worshipped Hepliaklqana.
Hepliaklqana was aware of your devotion.
You visited 2 branches of the dungeon, and saw 8 of its levels.

You collected 223 gold pieces.

Inventory:

Hand Weapons
 l - a +0 long sword
 o - the +3 mace of Vikoeleo {pain, Int+4 Stlth+}
   (You found it on level 7 of the Dungeon)

   In the hands of one skilled in necromantic magic, it inflicts extra damage on
   living creatures.
   Int:       It affects your intelligence (+4).
   Stlth:     It makes you more stealthy.
Missiles
 c - 4 throwing nets
 j - 41 poisoned darts (quivered)
 q - 3 boomerangs of dispersal
Armour
 b - a +0 helmet (worn)
 i - a +0 robe (worn)
 z - a +0 pair of boots (worn)
 A - a +0 cloak (worn)
Jewellery
 d - a ring of ice
 e - a ring of magical power
 t - a +6 ring of intelligence (left hand)
 u - a +4 ring of evasion (right hand)
Scrolls
 f - 6 scrolls of identify {unknown}
 h - 4 scrolls of teleportation {unknown}
 p - 2 scrolls of fear {unknown}
 r - 2 scrolls of immolation {unknown}
 s - 2 scrolls of blinking {unknown}
 w - a scroll of noise {unknown}
 y - a scroll of enchant armour {unknown}
Potions
 a - a potion of magic
 g - a potion of might {unknown}
 k - a potion of flight {unknown}
 m - 2 potions of curing
 n - 2 potions of brilliance {unknown}
 v - a potion of lignification {unknown}
 x - a potion of attraction {unknown}


   Skills:
 - Level 6.2 Fighting
 - Level 1.7 Throwing
 - Level 4.5 Armour
 + Level 3.1 Dodging
 + Level 1.1 Stealth
 * Level 8.1 Unarmed Combat
 - Level 4.2 Spellcasting
 + Level 4.9 Summonings


You had 12 spell levels left.
You knew the following spells:

 Your Spells              Type           Power      Damage    Failure   Level
a - Summon Small Mammal   Summ           84%        N/A       1%          1
b - Call Canine Familiar  Summ           21%        N/A       5%          3

Your spell library contained the following spells:

 Spells                   Type           Power      Damage    Failure   Level
 Shock                    Conj/Air       12%        1d3       14%         1
 Summon Guardian Golem    Hex/Summ       12%        N/A       16%         3
 Ozocubu's Armour         Ice            3%         N/A       41%         3
 Swiftness                Air            3%         N/A       41%         3
 Tukima's Dance           Hex            3%         N/A       41%         3
 Airstrike                Air            1%         N/A       82%         4
 Passage of Golubria      Tloc           N/A        N/A       82%         4
 Yara's Violent Unravell  Hex/Tmut       1%         3d3       99%         5
 Ozocubu's Refrigeration  Ice            1%         4d5       100%        7


Dungeon Overview and Level Annotations

Branches:
Dungeon (7/15)             Temple (1/1) D:4

Altars:
Ashenzari
Cheibriados
Elyvilon
Gozag
Hepliaklqana
Makhleb
Nemelex Xobeh
Okawaru
Qazlal
Sif Muna
Trog
Vehumet
Wu Jian
Xom
Yredelemnul

Shops:
D:2 (   D:3 [   D:6 (   D:7 **


Innate Abilities, Weirdness & Mutations

Your life essence is reduced to manifest your ancestor. (-10% HP)
You are partially covered in sharp spines.
When seriously injured, your bleeding wounds create armour. (AC +6)
Spells you cast may paralyse adjacent enemies.
Your touch may inflict irresistible damage on your foes.


Message History

Your quokka barely misses the orc warrior.
Your quokka disappears in a puff of smoke!
You feel better. The orc warrior completely misses you.
The orc warrior hits you with a +1 glaive of freezing!
* * * LOW HITPOINT WARNING * * *
The orc warrior freezes you.
* * * LOW HITPOINT WARNING * * *
Casting: Summon Small Mammal (safe; 1% risk of failure)
Confirm with . or Enter, or press ? or * to list all spells.
Malevolent energies surge around you.
The orc warrior hits you but does no damage.
The orc warrior closely misses you.
Your quokka bites the orc warrior but does no damage.
Casting: Summon Small Mammal (safe; 1% risk of failure)
Confirm with . or Enter, or press ? or * to list all spells.
Okay, then.
Casting: Summon Small Mammal (safe; 1% risk of failure)
Confirm with . or Enter, or press ? or * to list all spells.
Malevolent energies surge around you. The orc warrior closely misses you.
Your quokka barely misses the orc warrior.
Decima barely misses the orc warrior.
Unknown command.
Your quokka barely misses the orc warrior.
Casting: Call Canine Familiar (dangerous; 5% risk of failure)
Confirm with . or Enter, or press ? or * to list all spells.
Malevolent energies surge around you. The orc warrior misses you.
Your quokka barely misses the orc warrior.
Decima barely misses the orc warrior.
Unknown command.
Your hound barely misses the orc warrior.
Your quokka bites the orc warrior but does no damage.
Your hound closely misses the orc warrior.
Your quokka bites the orc warrior but does no damage.
Your hound closely misses the orc warrior.
Your quokka bites the orc warrior.
It was a potion of magic.
Magic courses through your body.
The orc warrior hits you from afar with a +1 glaive of freezing!
* * * LOW HITPOINT WARNING * * *
The orc warrior freezes you.
You die...

#.......R.......##..ยง.##
#.########.........####
#.# ########### #.# #.#
#.##### ##### ## #..+..##
###)))# #.
#..hR..####R))).# #>
#..rro.@#r)##)))# #.
#..+..)#)######## ###)
########## ##... ##..#.
########).##.
#.......####.
#.....######.
#..........).
#.....######.


You could see the friendly Decima the ancestor, an orc warrior (ally target), a
friendly hound (summoned) and 2 friendly quokkas.

Vanquished Creatures
  Prince Ribbit (D:5)
  Grinder (D:5)
  A wraith (D:5)
  Menkaure (D:5)
  A water moccasin (D:6)
  2 necrophages (D:4)
  A sky beast (D:6)
  2 hornet zombies (D:5)
  A black bear (D:4)
  2 ogres (D:6)
  A centaur (D:6)
  A phantom (D:7)
  A kobold brigand (D:5)
  A scorpion (D:5)
  A water moccasin zombie (D:5)
  A wyvern skeleton (D:6)
  A water moccasin skeleton (D:5)
  3 killer bees (D:4)
  2 vampire bats (D:5)
  A howler monkey (D:4)
  2 centaur zombies
  3 bullfrog zombies (D:5)
  2 centaur skeletons
  4 hounds
  2 orc priests (D:7)
  A jelly (D:5)
  2 bullfrog skeletons
  Crazy Yiuf (D:7)
  2 scorpion zombies (D:5)
  2 iguanas
  A killer bee zombie (D:5)
  A hound zombie (D:5)
  3 hound skeletons
  Robin (D:4)
  5 gnolls
  A howler monkey skeleton (D:4)
  6 adders
  4 white imps
  A worm (D:2)
  3 dart slugs
  11 orcs
  5 ball pythons
  8 bats
  4 endoplasms
  6 giant cockroaches
  11 goblins
  9 hobgoblins
  6 jackals
  3 quokkas
  A frilled lizard (D:2)
  13 kobolds
  2 rats
152 creatures vanquished.

Vanquished Creatures (collateral kills)
  A wyvern skeleton (D:7)
  2 hounds
  A gnoll (D:6)
  A howler monkey skeleton (D:6)
  A shadow imp (D:7)
6 creatures vanquished.

Vanquished Creatures (others)
  8 withered plants (D:5)
8 creatures vanquished.

Grand Total: 166 creatures vanquished

Notes
Turn   | Place    | Note
-------+----------+-------------------------------------------
     0 | D:1      | ryw the Demonspawn Gladiator began the quest for the Orb.
     0 | D:1      | Reached XP level 1. HP: 16/16 MP: 1/1
   271 | D:1      | Gained mutation: Your touch may inflict minor irresistible
                  | damage on your foes. [demonic ancestry]
   271 | D:1      | Reached XP level 2. HP: 22/23 MP: 2/2
   943 | D:1      | Found a faded altar of an unknown god.
  1354 | D:2      | Reached XP level 3. HP: 23/29 MP: 3/3
  2093 | D:2      | Found Vedikhleu's Antique Weapon Boutique.
  2220 | D:2      | Gained mutation: You are partially covered in sharp spines.
                  | [demonic ancestry]
  2220 | D:2      | Reached XP level 4. HP: 38/38 MP: 4/4
  2905 | D:3      | Found Voad's Antique Armour Boutique.
  3096 | D:3      | Reached skill level 3 in Unarmed Combat
  3901 | D:4      | Noticed a necrophage
  3921 | D:4      | Killed a necrophage
  3922 | D:4      | Reached skill level 5 in Fighting
  3922 | D:4      | Gained mutation: Your touch may inflict irresistible damage
                  | on your foes. [demonic ancestry]
  3922 | D:4      | Reached XP level 5. HP: 36/44 MP: 5/5
  3986 | D:4      | Found a staircase to the Ecumenical Temple.
  4007 | Temple   | Entered the Ecumenical Temple
  4152 | Temple   | Became a worshipper of Hepliaklqana the Forgotten
  4274 | D:4      | Reached XP level 6. HP: 36/51 MP: 6/6
  4557 | D:4      | Noticed Robin
  4569 | D:4      | Killed Robin
  4906 | D:4      | Gained mutation: Spells you cast may paralyse adjacent
                  | enemies. [demonic ancestry]
  4906 | D:4      | Reached XP level 7. HP: 46/57 MP: 7/7
  4999 | D:5      | Entered Level 5 of the Dungeon
  5122 | D:5      | Reached skill level 4 in Unarmed Combat
  5414 | D:5      | Learned a level 1 spell: Summon Small Mammal
  5515 | D:5      | Noticed Grinder
  5520 | D:5      | Gained mutation: When seriously injured, your bleeding
                  | wounds create armour. (AC +6) [demonic ancestry]
  5520 | D:5      | Reached XP level 8. HP: 31/64 MP: 9/9
  5772 | D:5      | Paralysed by Grinder for 5 turns
  5773 | D:5      | Reached skill level 1 in Summonings
  5779 | D:5      | Killed Grinder
  5780 | D:5      | Reached skill level 5 in Unarmed Combat
  5780 | D:5      | Reached skill level 1 in Spellcasting
  5805 | D:4      | Learned a level 3 spell: Call Canine Familiar
  6323 | D:5      | Reached skill level 6 in Unarmed Combat
  6402 | D:5      | Noticed Menkaure
  6936 | D:5      | Killed Menkaure
  7106 | D:5      | Noticed Prince Ribbit
  7150 | D:5      | Killed Prince Ribbit
  7151 | D:5      | Reached XP level 9. HP: 47/69 MP: 14/14
  7310 | D:5      | Reached skill level 7 in Unarmed Combat
  7921 | D:6      | Reached * piety under Hepliaklqana
  8290 | D:6      | Found Mieleaba's Antique Weapon Boutique.
  8425 | D:6      | Found an opulent altar of Gozag.
  8921 | D:7      | Found Jodin's General Store.
  8924 | D:7      | Found Jeityol's Specific Store.
  8985 | D:7      | Reached skill level 8 in Unarmed Combat
  9241 | D:7      | Reached skill level 1 in Stealth
  9391 | D:7      | Identified the +3 mace of Vikoeleo {pain, Int+4 Stlth+}
  9392 | D:7      | Found a runed translucent door.
  9396 | D:7      | Noticed Crazy Yiuf
  9404 | D:7      | Killed Crazy Yiuf
  9523 | D:7      | HP: 2/62 [orc warrior (17)]
  9523 | D:7      | Slain by an orc warrior

Illustrated notes

Levels and vault maps discovered:
D:1:      matt_arrival_spirals, layout_basic, ebering_ecumenical_altar_ruins
D:2:      layout_loops_cross, serial_shops, nicolae_shop_overgrown_old_shop
D:3:      layout_basic, serial_shops, nicolae_shop_stone
D:4:      layout_gridville, minmay_temple_entry_junction, moated_statue,
          grunt_decor_clamped, uniq_robin
D:5:      layout_rooms, serial_undead, serial_undead_e, serial_undead_e,
          serial_undead_d, serial_undead_b, serial_undead_d, serial_undead_e,
          serial_undead_d, serial_undead_e, roderic_batcave,
          nrook_mini_backslash, uniq_prince_ribbit1, uniq_grinder, uniq_menkaure
D:6:      layout_basic, marbit_many_paths, serial_shops, shop
D:7:      layout_rooms, nicolae_specific_store, uniq_crazy_yiuf_cottage
Temple:   dpeg_five_rooms_temple

Skill      XL: |  1  2  3  4  5  6  7  8  9 |
---------------+----------------------------+-----
Fighting       | 3 4 5 6 |  6.2
Unarmed Combat | 3 4 6 8 |  8.1
Armour         | 2 4 |  4.5
Summonings     | 3 4 |  4.9
Spellcasting   | 3 4 |  4.2
Dodging        | 3 |  3.1
Stealth        | 1 |  1.1
Throwing       | |  1.7

Action                   |  1- 3 |  4- 6 |  7- 9 || total
-------------------------+-------+-------+-------++-------
Melee: Unarmed           |   109 |   136 |   253 ||   498
       Punch             |     1 |       |     9 ||    10
       Touch             |    14 |    23 |    54 ||    91
       Long sword        |       |     4 |       ||     4
Throw: Dart              |       |    10 |    11 ||    21
 Cast: Summon Small Mamm |       |       |    27 ||    27
       Call Canine Famil |       |       |     3 ||     3
Invok: Ancestor Identity |       |       |     1 ||     1
  Use: Potion            |       |       |     3 ||     3
 Stab: Sleeping          |     1 |       |     1 ||     2
       Paralysed         |       |       |    19 ||    19
       Distracted        |       |       |     2 ||     2
Armor: Leather armour    |    34 |    10 |       ||    44
       Plate armour      |       |    92 |    45 ||   137
       Robe              |       |       |    35 ||    35
Dodge: Dodged            |    50 |    46 |   160 ||   256

Table legend: (Time is in decaauts)
 A = Elapsed time spent in this place.
 B = Non-inter-level travel time spent in this place.
 C = Inter-level travel time spent in this place.
 D = Time resting spent in this place.
 E = Time spent auto-exploring this place.
 F = Levels seen in this place.
 G = Mean time per level.
                   A        B        C        D        E       F      G
               +--------+--------+--------+--------+--------+-----+--------+
         Total |   9626 |   9274 |    352 |   2310 |   5589 |   8 | 1203.2 |
       Dungeon |   9411 |   9149 |    262 |   2310 |   5474 |   7 | 1344.4 |
        Temple |    215 |    125 |     90 |      0 |    115 |   1 |  215.0 |
               +--------+--------+--------+--------+--------+-----+--------+

Top non-repeatable levels by time:
     D:5: 1884 daAuts
     D:1: 1841 daAuts
     D:4: 1708 daAuts
     D:6: 1481 daAuts
     D:3: 1201 daAuts
     D:2: 837 daAuts
     D:7: 457 daAuts
  Temple: 215 daAuts
